 Dungeon Sprint DCSS version 0.20-a0-1085-g627af9b (webtiles) character file.

8187 Dipster the Fighter (level 11, -2/151 HPs)
             Began as a Barachi Skald on May 1, 2017.
             Was the Champion of Jiyva.
             Slain by a hippogriff (5 damage)
             ... in the Dungeon (Sprint V: "Ziggurat Sprint").
             The game lasted 00:07:37 (409 turns).

Dipster the Fighter (Barachi Skald)                  Turns: 409, Time: 00:07:37

Health: -2/151     AC: 36    Str: 33    XL:     11   Next: 27%
Magic:  17/17      EV: 16    Int: 13    God:    Jiyva [******]
Gold:   0          SH:  0    Dex: 12    Spells: 13/14 levels left

rFire    + + .     SeeInvis +   P - +7 great mace "Firestarter" {inner flame, rF++}
rCold    . . .     Gourm    .   (shield currently unavailable)
rNeg     . . .     Faith    .   N - +15 Maxwell's patent armour {-Cast -Tele rElec MR+ rCorr}
rPois    .         Spirit   .   (helmet restricted)
rElec    +         Reflect  .   (no cloak)
rCorr    +         Harm     .   (no gloves)
MR       ++...     NoTele   +   (no boots) Stlth ..........NoCast +
                                (no amulet)
Regen    0.4/turn               C - +6 ring of strength
MPRegen  0.2/turn               D - +6 ring of strength

@: berserking, quick
A: +LOS, swims, beak, iridescent scales 2, see invisible, high mp 1, magic
resistance 1, slowness 1, gelatinous body 1, jelly sensing items, jelly
absorbing missiles, strong legs 1
a: Hop, Request Jelly, Slimify, Cure Bad Mutation, Renounce Religion


You were in the Dungeon.
You worshipped Jiyva.
Jiyva was exalted by your worship.
You were completely stuffed.

You visited 1 branch

Inventory:

Hand Weapons
 y - a +10 blowgun
 L - the +6 Majin-Bo {vamp, Archmagi MP+6 Int+6}
   (You found it in the Dungeon)

   It inflicts no extra harm, but heals its wielder when it wounds a living foe.
   It affects your intelligence (+6).
   It affects your magic capacity (+6).
 M - the +9 heavy crossbow "Sniper" {velocity, Acc+∞ SInv}
   (You found it in the Dungeon)

   Any bolt fired from it inflicts extra damage.
   It lets you see invisible.
 P - the +7 great mace "Firestarter" (weapon) {inner flame, rF++}
   (You found it in the Dungeon)

   It has been specially enchanted to burn those struck by it, causing extra
   injury to most foes and up to half again as much damage against particularly
   susceptible opponents.
   It greatly protects you from fire.
 Q - the +8 lance "Wyrmbane" {slay drac, rPois rF+ rC+ AC+3}
   (You found it in the Dungeon)

   It affects your AC (+3).
   It protects you from fire.
   It protects you from cold.
   It protects you from poison.
 R - the +7 longbow "Piercer" {penet, EV-2}
   (You found it in the Dungeon)

   Ammo fired by it will pass through the targets it hits, potentially hitting
   all targets in its path until it reaches maximum range.
   It affects your evasion (-2).
 S - the +15 mace of Variability {chaos}
   (You found it in the Dungeon)

   Each time it hits an enemy it has a different, random effect.
 T - the +6 shillelagh "Devastator" {shatter}
   (You found it in the Dungeon)
Armour
 I - a +5 crystal plate armour
 J - +5 fire dragon scales
 K - +5 gold dragon scales
 N - the +15 Maxwell's patent armour (worn) {-Cast -Tele rElec MR+ rCorr}
   (You found it in the Dungeon)

   It insulates you from electricity.
   It affects your resistance to hostile enchantments.
   It prevents spellcasting.
   It prevents most forms of teleportation.
   It protects you from acid and corrosion.
 O - the +18 shield of the Gong {rElec rN+ MR+ EV-5}
   (You found it in the Dungeon)

   It affects your evasion (-5).
   It insulates you from electricity.
   It protects you from negative energy.
   It affects your resistance to hostile enchantments.
 V - the +2 shield of Resistance {rF+ rC+ MR+}
   (You found it in the Dungeon)

   It protects you from fire.
   It protects you from cold.
   It affects your resistance to hostile enchantments.
Jewellery
 C - a +6 ring of strength (left hand)
 D - a +6 ring of strength (right hand)
Wands
 E - a wand of disintegration (7/24)
 F - a wand of iceblast (5/15)
 G - a wand of lightning (5/15)
 H - a wand of acid (4/15)
Scrolls
 j - 4 scrolls of blinking
 n - 3 scrolls of brand weapon
 q - 4 scrolls of amnesia
 r - 3 scrolls of recharging
 s - 7 scrolls of fog
 t - a scroll of holy word
 u - 5 scrolls of identify
 v - 5 scrolls of remove curse
 w - 2 scrolls of fear
Potions
 e - 10 potions of curing
 g - 6 potions of haste
 h - 7 potions of magic
 i - 2 potions of berserk rage
 l - 2 potions of invisibility
 m - 4 potions of resistance
 o - 5 potions of agility
 p - 5 potions of might
Books
 b - the Almanac of Poison and Attacks
   (You found it in the Dungeon)

   Spells                             Type                      Level
   a - Throw Frost                    Conjuration/Ice              2
   b - Throw Flame                    Conjuration/Fire             2
   c - Dazzling Spray                 Conjuration/Hexes            3
   d - Mephitic Cloud                 Conjuration/Poison/Air       3
   e - Olgreb's Toxic Radiance        Poison                       4
   f - Bolt of Cold                   Conjuration/Ice              6
 c - a book of Battle

   Spells                             Type                      Level
   a - Infusion                       Charms                       1
   b - Shroud of Golubria             Charms/Translocation         2
   c - Song of Slaying                Charms                       2
   d - Spectral Weapon                Hexes/Charms                 3
   e - Regeneration                   Charms/Necromancy            3
 A - a book of Air

   Spells                             Type                      Level
   a - Shock                          Conjuration/Air              1
   b - Swiftness                      Charms/Air                   2
   c - Static Discharge               Conjuration/Air              3
   d - Airstrike                      Air                          4
   e - Lightning Bolt                 Conjuration/Air              5
 W - a book of the Warp

   Spells                             Type                      Level
   a - Gell's Gravitas                Translocation                3
   b - Portal Projectile              Hexes/Translocation          3
   c - Force Lance                    Conjuration/Translocation    4
   d - Dispersal                      Translocation                6
   e - Controlled Blink               Translocation                8
   f - Disjunction                    Translocation                8
 Z - the Disquisition on Attacks
   (You found it in the Dungeon)

   Spells                             Type                      Level
   a - Magic Dart                     Conjuration                  1
   b - Flame Tongue                   Conjuration/Fire             1
   c - Iskenderun's Mystic Blast      Conjuration                  4
   d - Force Lance                    Conjuration/Translocation    4
   e - Orb of Destruction             Conjuration                  7
Miscellaneous
 a - a lightning rod (4/4)
 k - a sack of spiders
 B - a fan of gales
 Y - a box of beasts
Comestibles
 d - 5 bread rations
 x - 42 fruits
 z - 4 meat rations
 X - 5 chunks of flesh


   Skills:
 + Level 14.9 Fighting
   Level 2.4 Long Blades
 + Level 13.7 Maces & Flails
 + Level 14.8 Armour
 + Level 13.9 Dodging
 - Level 2.1 Spellcasting
 - Level 3.2 Charms
   Level 6.8 Invocations


You had 13 spell levels left.
You knew the following spells:

 Your Spells              Type           Power        Failure   Level  Hunger
a - Infusion              Chrm           #...         30%         1    ##.....


Dungeon Overview and Level Annotations

Branches:
Dungeon (1/1)

Altars:
Ashenzari
Cheibriados
Dithmenos
Elyvilon
Fedhas
Gozag
Hepliaklqana
Kikubaaqudgha
Makhleb
Nemelex Xobeh
Okawaru
Qazlal
Ru
Sif Muna
Trog
Uskayaw
Vehumet
Wu Jian
Xom
Yredelemnul
Zin
The Shining One
Beogh
Jiyva
Lugonu

Annotations:
D 1 transporter


Innate Abilities, Weirdness & Mutations

Shadows flee at your approach. (+LOS)
You can swim through water.
You cover ground slowly.
You can hop short distances.
You have a beak for a mouth.
You are mostly covered in iridescent scales. (AC +4)
You have supernaturally acute eyesight. (SInv)
You have an increased reservoir of magic. (+10% MP)
You are resistant to hostile enchantments. (MR+)
Your rubbery body absorbs attacks. (AC +1, EV +1)
You have a small jelly attached to you that senses nearby items.
You have a small jelly attached to you that may absorb incoming projectiles.


Message History

The centaur misses you. Sirgh hits you!
* * * LOW HITPOINT WARNING * * *
Space warps horribly around you!
* * * LOW HITPOINT WARNING * * *
Your acid blob hits the centaur!!
The centaur dies!
The merfolk closely misses you.
You hear a distant slurping noise.
You feel a little less hungry.
You feel better.
Your Maxwell's patent armour prevents you from hitting the hippogriff.
The hippogriff is lightly wounded.
Sirgh hits you but does no damage. Space warps horribly around you!
* * * LOW HITPOINT WARNING * * *
The hippogriff completely misses you. The hippogriff barely misses you.
The hippogriff claws you but does no damage.
Your acid blob hits the centaur!!
The centaur dies!
The hippogriff bites you but does no damage.
The hippogriff pecks you.
You die...

▓...8©8...▓..8©8..▓
▓...[..:..▓....=%.▓
▓...}::...▓..|)?..▓
▓.........▓...%...▓
▓.........▓.......▓
▓.........▓.%%....▓
▓...m.....▓....%=.▓
▓.▓.J)&.▓.▓.▓..%▓)▓
▓...H@Hc..▓%......▓
▓▓▓▓▓▓▓▓▓▓▓▓▓▓▓▓▓▓▓
∆∆∆∆∆ ∆∆∆∆∆ ∆∆∆∆∆
∆∆∆∆


You could see Sirgh, a merfolk, 2 hippogriffs, a centaur and a friendly acid
blob.

Vanquished Creatures
  A green draconian (D)
  A white draconian (D)
  A purple draconian (D)
  An ugly thing (D)
  3 draconians (D)
  2 naga magi (D)
  A yaktaur (shapeshifter) (D)
  An ice devil (D)
  2 jumping spiders (D)
  A hippogriff (D)
  2 tarantellas (D)
  A steam dragon (shapeshifter) (D)
  2 nagas (D)
  2 water moccasins (D)
  A bullfrog (shapeshifter) (D)
  A scorpion (D)
  2 crimson imps (D)
  A quasit (D)
  2 orc wizards (D)
  An orc priest (D)
  A white imp (D)
  An ufetubus (D)
  An orc (D)
32 creatures vanquished.

Vanquished Creatures (collateral kills)
  A steam dragon (shapeshifter) (D)
  2 centaurs (D)
3 creatures vanquished.

Vanquished Creatures (others)
  A spatial maelstrom (D)
  A hippogriff (D)
  A wolf (shapeshifter) (D)
  6 jellies (D)
  An ooze (shapeshifter) (D)
  An adder zombie (D)
11 creatures vanquished.

Grand Total: 46 creatures vanquished

Notes
Turn   | Place    | Note
-------+----------+-------------------------------------------
     0 | D        | Dipster the Barachi Skald began the quest for the Orb.
     0 | D        | Reached XP level 1. HP: 17/17 MP: 3/3
     0 | D        | Banished a spatial maelstrom
     1 | D        | Found an ancient bone altar of Kikubaaqudgha.
     1 | D        | Found a viscous altar of Jiyva.
     1 | D        | Found a corrupted altar of Lugonu.
     1 | D        | Found a hazy altar of Hepliaklqana.
     1 | D        | Found a burning altar of Makhleb.
     1 | D        | Found an opulent altar of Gozag.
    73 | D        | Became a worshipper of Jiyva Judaonas the Shapeless
    76 | D        | Reached * piety under Jiyva
    76 | D        | Reached ** piety under Jiyva
    76 | D        | Reached *** piety under Jiyva
    76 | D        | Gained mutation: Your body has grown golden eyes which may confuse attackers. (Acc +3) [Jiyva's grace]
    79 | D        | Reached **** piety under Jiyva
    79 | D        | Gained mutation: You have a small jelly attached to you that senses nearby items. [Jiyva's grace]
    79 | D        | Gained mutation: You are covered in slimy tendrils that may disarm your opponents. [Jiyva's grace]
    79 | D        | Reached ***** piety under Jiyva
    79 | D        | Gained mutation: You are resistant to hostile enchantments. (MR+) [Jiyva's grace]
    79 | D        | Gained mutation: You are highly resistant to hostile enchantments. (MR++) [Jiyva's grace]
    79 | D        | Reached ****** piety under Jiyva
    79 | D        | Lost mutation: You have a small jelly attached to you that senses nearby items. [Jiyva's grace]
    82 | D        | Gained mutation: You possess an exceptional clarity of mind. [Jiyva's grace]
    82 | D        | Lost mutation: Your body has grown golden eyes which may confuse attackers. (Acc +3) [Jiyva's grace]
    82 | D        | Gained mutation: You evolve. [Jiyva's grace]
    82 | D        | Gained mutation: You passively map a small area around you. [Jiyva's grace]
    83 | D        | Gained mutation: Your rubbery body absorbs attacks. (AC +1, EV +1) [Jiyva's grace]
    83 | D        | Lost mutation: You possess an exceptional clarity of mind. [Jiyva's grace]
    84 | D        | Gained mutation: You have acidic saliva. [Jiyva's grace]
    84 | D        | Gained mutation: You have a small jelly attached to you that senses nearby items. [Jiyva's grace]
    84 | D        | Gained mutation: You are robust. (+10% HP) [Jiyva's grace]
    84 | D        | Lost mutation: You evolve. [Jiyva's grace]
    84 | D        | Gained mutation: You are somewhat resistant to further mutation. [Jiyva's grace]
    86 | D        | Gained mutation: Your spells are a little harder to cast, but a little more powerful. [Jiyva's grace]
    87 | D        | Gained mutation: You have a pair of small antennae on your head. [Jiyva's grace]
    97 | D        | Lost mutation: You passively map a small area around you. [Jiyva's grace]
   100 | D        | Gained mutation: You possess an exceptional clarity of mind. [Jiyva's grace]
   100 | D        | Gained mutation: Your flesh is heat resistant. (rF+) [Jiyva's grace]
   100 | D        | Gained mutation: You are agile. (Dex +2) [Jiyva's grace]
   104 | D        | Gained mutation: You passively map a small area around you. [Jiyva's grace]
   104 | D        | Gained mutation: You are somewhat resistant to both further mutation and mutation removal. [Jiyva's grace]
   104 | D        | Lost mutation: You are agile. (Dex +2) [Jiyva's grace]
   104 | D        | Gained mutation: You have supernaturally acute eyesight. (SInv) [Jiyva's grace]
   104 | D        | Gained mutation: Your pliable body absorbs attacks. (AC +2, EV +2) [Jiyva's grace]
   104 | D        | Lost mutation: Your flesh is heat resistant. (rF+) [Jiyva's grace]
   109 | D        | Lost mutation: You passively map a small area around you. [Jiyva's grace]
   113 | D        | Gained mutation: You are partially covered in molten scales. (AC +2) [Jiyva's grace]
   115 | D        | Lost mutation: You are highly resistant to hostile enchantments. (MR++) [Jiyva's grace]
   118 | D        | Lost mutation: You are robust. (+10% HP) [Jiyva's grace]
   122 | D        | Lost mutation: You are somewhat resistant to both further mutation and mutation removal. [Jiyva's grace]
   124 | D        | Entered arena 2.
   124 | D        | Noticed an eye of draining
   124 | D        | Gained mutation: You have an increased reservoir of magic. (+10% MP) [Jiyva's grace]
   124 | D        | Gained mutation: You have a pair of antennae on your head. [Jiyva's grace]
   131 | D        | Lost mutation: Your pliable body absorbs attacks. (AC +2, EV +2) [Jiyva's grace]
   135 | D        | Gained mutation: Your translucent skin slightly reduces your foes' accuracy. (Stealth) [Jiyva's grace]
   138 | D        | Entered arena 3.
   138 | D        | Noticed a wolf
   138 | D        | Noticed an acid dragon
   140 | D        | Lost mutation: You possess an exceptional clarity of mind. [Jiyva's grace]
   143 | D        | Noticed a steam dragon
   143 | D        | a worm changed into a steam dragon
   143 | D        | Lost mutation: Your spells are a little harder to cast, but a little more powerful. [Jiyva's grace]
   144 | D        | Killed a wolf
   144 | D        | Reached XP level 2. HP: 26/26 MP: 5/5
   144 | D        | Reached XP level 3. HP: 31/31 MP: 6/6
   145 | D        | Noticed a tengu
   145 | D        | an acid dragon changed into a tengu
   145 | D        | Noticed a bullfrog
   145 | D        | a tengu changed into a bullfrog
   145 | D        | Killed a steam dragon
   145 | D        | Reached skill level 5 in Fighting
   145 | D        | Reached skill level 5 in Armour
   145 | D        | Reached skill level 5 in Dodging
   145 | D        | Reached XP level 4. HP: 40/40 MP: 8/8
   146 | D        | Lost mutation: You are somewhat resistant to further mutation. [Jiyva's grace]
   147 | D        | Killed a bullfrog
   147 | D        | Reached skill level 5 in Maces & Flails
   147 | D        | Reached XP level 5. HP: 47/47 MP: 9/9
   149 | D        | Lost mutation: You are covered in slimy tendrils that may disarm your opponents. [Jiyva's grace]
   153 | D        | Gained mutation: Your translucent skin reduces your foes' accuracy. (Stealth) [Jiyva's grace]
   156 | D        | Gained mutation: You have a beak for a mouth. [Jiyva's grace]
   159 | D        | Gained mutation: Your flesh is heat resistant. (rF+) [Jiyva's grace]
   164 | D        | Lost mutation: You have an increased reservoir of magic. (+10% MP) [Jiyva's grace]
   168 | D        | Gained mutation: You are frail. (-10% HP) [Jiyva's grace]
   173 | D        | Gained mutation: You have a small jelly attached to you that may absorb incoming projectiles. [Jiyva's grace]
   177 | D        | Lost mutation: You are frail. (-10% HP) [Jiyva's grace]
   181 | D        | Entered arena 4.
   181 | D        | Noticed a black bear
   181 | D        | Noticed a cyan ugly thing
   181 | D        | Noticed a wyvern
   183 | D        | Gained mutation: You are partially covered in iridescent scales. (AC +2) [Jiyva's grace]
   185 | D        | Noticed a raiju
   185 | D        | a black bear changed into a raiju
   186 | D        | Gained mutation: Your mind is acute. (Int +2) [Jiyva's grace]
   187 | D        | Noticed a steam dragon
   187 | D        | a wyvern changed into a steam dragon
   188 | D        | Killed a cyan ugly thing
   188 | D        | Reached XP level 6. HP: 55/59 MP: 9/9
   188 | D        | Reached XP level 7. HP: 60/64 MP: 10/10
   188 | D        | Noticed a yaktaur
   188 | D        | a raiju changed into a yaktaur
   189 | D        | Gained mutation: You have an increased reservoir of magic. (+10% MP) [Jiyva's grace]
   191 | D        | Killed a yaktaur
   191 | D        | Reached skill level 10 in Fighting
   191 | D        | Reached skill level 10 in Armour
   192 | D        | Killed a steam dragon
   192 | D        | Reached XP level 8. HP: 73/73 MP: 12/12
   193 | D        | Gained mutation: Your pliable body absorbs attacks. (AC +2, EV +2) [Jiyva's grace]
   197 | D        | Gained mutation: Your muscles are strong. (Str +2) [Jiyva's grace]
   201 | D        | Gained mutation: You possess an exceptional clarity of mind. [Jiyva's grace]
   205 | D        | Lost mutation: You are resistant to hostile enchantments. (MR+) [Jiyva's grace]
   209 | D        | Entered arena 5.
   210 | D        | Reached XP level 9. HP: 79/79 MP: 12/15
   210 | D        | Gained mutation: You are mostly covered in iridescent scales. (AC +4) [Jiyva's grace]
   211 | D        | Gained mutation: Your gelatinous body deflects attacks. (AC +3, EV +3) [Jiyva's grace]
   212 | D        | Gained mutation: Your muscles are very strong. (Str +4) [Jiyva's grace]
   216 | D        | Lost mutation: Your flesh is heat resistant. (rF+) [Jiyva's grace]
   220 | D        | Lost mutation: You possess an exceptional clarity of mind. [Jiyva's grace]
   224 | D        | Lost mutation: Your gelatinous body deflects attacks. (AC +3, EV +3) [Jiyva's grace]
   229 | D        | Gained mutation: Your transparent skin significantly reduces your foes' accuracy. (Stealth) [Jiyva's grace]
   232 | D        | Lost mutation: You have a small jelly attached to you that senses nearby items. [Jiyva's grace]
   237 | D        | Entered arena 6.
   237 | D        | Noticed a jumping spider
   237 | D        | Noticed a jumping spider
   238 | D        | Killed a jumping spider
   238 | D        | Reached skill level 10 in Maces & Flails
   238 | D        | Reached skill level 10 in Dodging
   241 | D        | Gained mutation: Your spells are a little harder to cast, but a little more powerful. [Jiyva's grace]
   245 | D        | Lost mutation: Your muscles are very strong. (Str +4) [Jiyva's grace]
   246 | D        | Lost mutation: Your mind is acute. (Int +2) [Jiyva's grace]
   248 | D        | Lost mutation: You have a pair of antennae on your head. [Jiyva's grace]
   248 | D        | Lost mutation: Your spells are a little harder to cast, but a little more powerful. [Jiyva's grace]
   251 | D        | Lost mutation: Your muscles are strong. (Str +2) [Jiyva's grace]
   251 | D        | Lost mutation: Your transparent skin significantly reduces your foes' accuracy. (Stealth) [Jiyva's grace]
   251 | D        | Gained mutation: Your mind is acute. (Int +2) [Jiyva's grace]
   251 | D        | Lost mutation: Your mind is acute. (Int +2) [Jiyva's grace]
   252 | D        | Identified the Disquisition on Attacks (You found it in the Dungeon)
   258 | D        | Killed a jumping spider
   258 | D        | Lost mutation: You are partially covered in molten scales. (AC +2) [Jiyva's grace]
   263 | D        | Identified the Almanac of Poison and Attacks (You found it in the Dungeon)
   265 | D        | Entered arena 7.
   265 | D        | Noticed a draconian
   265 | D        | Noticed a draconian
   265 | D        | Noticed a purple draconian
   265 | D        | Noticed a green draconian
   265 | D        | Noticed a white draconian
   265 | D        | Noticed a draconian
   271 | D        | Gained mutation: You have sharp toenails. [Jiyva's grace]
   279 | D        | Killed a green draconian
   279 | D        | Reached XP level 10. HP: 84/91 MP: 16/16
   280 | D        | Gained mutation: You are agile. (Dex +2) [Jiyva's grace]
   284 | D        | Killed a draconian
   284 | D        | Killed a purple draconian
   286 | D        | Killed a draconian
   290 | D        | Killed a white draconian
   290 | D        | Killed a draconian
   293 | D        | Gained mutation: You have a small jelly attached to you that senses nearby items. [Jiyva's grace]
   307 | D        | Lost mutation: You are agile. (Dex +2) [Jiyva's grace]
   313 | D        | Entered arena 8.
   313 | D        | Noticed a naga mage
   313 | D        | Noticed a naga mage
   315 | D        | Lost mutation: You have sharp toenails. [Jiyva's grace]
   318 | D        | Reached XP level 11. HP: 95/100 MP: 17/17
   323 | D        | Lost mutation: Your pliable body absorbs attacks. (AC +2, EV +2) [Jiyva's grace]
   340 | D        | Gained mutation: You are resistant to hostile enchantments. (MR+) [Jiyva's grace]
   345 | D        | Entered arena 9.
   345 | D        | Noticed Sirgh the pandemonium lord
   355 | D        | Lost mutation: You have acidic saliva. [Jiyva's grace]
   370 | D        | Lost mutation: Your translucent skin reduces your foes' accuracy. (Stealth) [Jiyva's grace]
   370 | D        | Gained mutation: You have large cloven feet. [Jiyva's grace]
   373 | D        | Lost mutation: Your translucent skin slightly reduces your foes' accuracy. (Stealth) [Jiyva's grace]
   374 | D        | Lost mutation: You have a pair of small antennae on your head. [Jiyva's grace]
   384 | D        | Gained mutation: Your muscles are strong. (Str +2) [Jiyva's grace]
   391 | D        | Lost mutation: Your muscles are strong. (Str +2) [Jiyva's grace]
   397 | D        | Entered arena 10.
   403 | D        | HP: 5/101 [Sirgh the pandemonium lord (25)]
   403 | D        | Lost mutation: You have large cloven feet. [Jiyva's grace]
   409 | D        | HP: 3/151 [Sirgh the pandemonium lord (22)]
   409 | D        | Slain by a hippogriff

Vault maps used:
D:        sprint_v

Skill      XL: |  1  2  3  4  5  6  7  8  9 10 |
---------------+-------------------------------+-----
Fighting       | 4 5 6 9 10 12 14 | 14.9
Maces & Flails | 3 4 5 8 9 11 13 | 13.7
Armour         | 3 5 6 9 10 12 14 | 14.8
Dodging        | 4 5 6 8 9 11 13 | 13.9
Invocations    | 6 |  6.8
Long Blades    | |  2.4
Spellcasting   | |  2.1
Charms         | |  3.2

Action                   |  1- 3 |  4- 6 |  7- 9 | 10-12 || total
-------------------------+-------+-------+-------+-------++-------
Melee: Great mace        |     4 |     7 |    21 |    50 ||    82
       Peck              |       |     1 |     3 |     5 ||     9
       Bite              |       |       |     4 |     4 ||     8
       Kick              |       |       |     3 |     3 ||     6
Invok: Request Jelly     |       |       |     2 |     2 ||     4
Evoke: Wand              |       |       |       |     1 ||     1
  Use: Potion            |       |       |     1 |    11 ||    12
Armor: Plate armour      |    10 |     9 |    22 |   102 ||   143
Dodge: Dodged            |    13 |    10 |    23 |    97 ||   143
